 Dungeon Crawl Stone Soup version 0.29.1-15-g9cfb28693d (webtiles) character file.

Game seed: 11164813388651676415

30534 protoss039 the Fighter (level 13, 101/101 HPs)
             Began as a Demonspawn Earth Elementalist on Mar 17, 2023.
             Was an Elder of Vehumet.
             Got out of the dungeon alive.
             The game lasted 00:31:22 (16882 turns).

protoss039 the Fighter (DsEE)                      Turns: 16882, Time: 00:31:23

Health: 101/101    AC:  8    Str:  9    XL:     13   Next: 21%
Magic:  25/25      EV: 15    Int: 26    God:    Vehumet [****..]
Gold:   768        SH: 16    Dex: 15    Spells: 12/29 levels left

rFire   . . .      SeeInvis .   I - +4 dagger (venom)
rCold   . . .      Faith    .   J - +0 kite shield
rNeg    . . .      Spirit   .   T - +2 robe {Will+}
rPois   .          Reflect  +   N - +0 helmet
rElec   .          Harm     .   (no cloak)
rCorr   .          Rampage  .   (no gloves)
Will    +....                   h - +2 pair of boots
Stlth   ++........              L - amulet of reflection
HPRegen 0.26/turn               y - +4 ring of evasion
MPRegen 0.19/turn               m - +6 ring of intelligence

@: no status effects
A: claws 2, powered by pain 1, sturdy frame 2, demonic magic 3
a: Renounce Religion


You escaped.
You worshipped Vehumet.
Vehumet was greatly pleased with you.
You visited 2 branches of the dungeon, and saw 14 of its levels.

You collected 833 gold pieces.
You spent 65 gold pieces at shops.

Inventory:

Hand Weapons
 F - a +4 whip of freezing
 I - a +4 dagger of venom (weapon)
 V - a +1 hand axe of electrocution
Missiles
 R - 2 throwing nets
Armour
 d - +0 steam dragon scales
 h - a +2 pair of boots (worn)
 o - a +2 leather armour of cold resistance
 x - a +1 ring mail of poison resistance
 J - a +0 kite shield (worn)
 K - the +0 ring mail of Kadioc {rC+ rN+}
   (You took it off an orc on level 5 of the Dungeon)

   rC:        It protects you from cold.
   rN:        It protects you from negative energy.
 N - a +0 helmet (worn)
 T - a +2 robe of willpower (worn)
Magical Staves
 D - a staff of air
 P - a staff of fire
Jewellery
 k - a ring of fire
 m - a +6 ring of intelligence (right claw)
 p - an amulet of regeneration
 y - a +4 ring of evasion (left claw)
 G - a +6 ring of dexterity
 L - an amulet of reflection (around neck)
Wands
 n - a wand of charming (3)
 v - a wand of iceblast (21)
 O - a wand of flame (28)
Scrolls
 a - 2 scrolls of fear
 e - 3 scrolls of amnesia
 f - 2 scrolls of teleportation
 i - 2 scrolls of enchant armour {unknown}
 l - a scroll of identify
 t - a scroll of immolation {unknown}
 w - 4 scrolls of poison
 z - 3 scrolls of blinking {unknown}
 A - 3 scrolls of magic mapping
 S - a scroll of butterflies {unknown}
 U - a scroll of torment {unknown}
Potions
 b - a potion of magic
 c - 3 potions of curing
 g - 5 potions of heal wounds
 j - 3 potions of invisibility {unknown}
 r - 2 potions of flight {unknown}
 u - 8 potions of ambrosia
 B - a potion of mutation {unknown}
 C - 4 potions of attraction {unknown}
 E - a potion of berserk rage {unknown}
 M - 2 potions of brilliance {unknown}
 Q - 3 potions of lignification {unknown}


   Skills:
 + Level 9.3 Fighting
 - Level 3.0 Armour
 - Level 3.0 Dodging
 - Level 3.0 Stealth
 - Level 9.0 Shields
 + Level 8.8 Spellcasting
 + Level 9.0 Conjurations
 - Level 3.0 Hexes
 - Level 3.0 Transmutations
 - Level 3.0 Fire Magic
 - Level 3.0 Air Magic
 + Level 9.0 Earth Magic
 - Level 3.0 Poison Magic
 - Level 3.0 Evocations


You had 12 spell levels left.
You knew the following spells:

 Your Spells              Type           Power      Damage    Failure   Level
a - Sandblast             Erth           100%       2d20      1%          1
b - Passwall              Tmut/Erth      35%        N/A       1%          2
c - Stone Arrow           Conj/Erth      100%       3d13      1%          3
d - Mephitic Cloud        Conj/Pois/Air  37%        N/A       1%          3
e - Inner Flame           Hex/Fire       27%        N/A       3%          3
f - Irradiate             Conj/Tmut      21%        3d18      8%          5

Your spell library contained the following spells:

 Spells                   Type           Power      Damage    Failure   Level
 Lightning Bolt           Conj/Air       21%        1d36      8%          5
 Magic Dart               Conj           100%       1d8       1%          1
 Iskenderun's Battlesphe  Conj           55%        2d11      2%          5
 Fireball                 Conj/Fire      21%        3d10      8%          5
 Ensorcelled Hibernation  Hex/Ice        38%        N/A       10%         2
 Spider Form              Tmut/Pois      27%        N/A       11%         3
 Petrify                  Tmut/Erth      42%        N/A       11%         4
 Call Imp                 Summ           11%        N/A       19%         2
 Animate Armour           Summ/Erth      70%        N/A       19%         4
 Cause Fear               Hex            13%        N/A       34%         4
 Gell's Gravitas          Tloc           11%        N/A       36%         3
 Lesser Beckoning         Tloc           11%        N/A       36%         3
 Ozocubu's Armour         Ice            11%        N/A       36%         3
 Teleport Other           Tloc           11%        N/A       36%         3
 Conjure Ball Lightning   Conj/Air       21%        3x3d6     36%         6
 Orb of Destruction       Conj           27%        9d9       50%         7
 Anguish                  Hex/Necr       9%         N/A       54%         4
 Animate Dead             Necr           11%        N/A       77%         4
 Metabolic Englaciation   Hex/Ice        9%         N/A       88%         5
 Lehudib's Crystal Spear  Conj/Erth      27%        10d7      98%         8
 Simulacrum               Ice/Necr       5%         N/A       100%        6
 Haunt                    Necr/Summ      5%         N/A       100%        7
 Discord                  Hex            13%        N/A       100%        8
 Infestation              Necr           5%         N/A       100%        8


Dungeon Overview and Level Annotations

Branches:
Dungeon (13/15) Zot: 24464  Temple (1/1) D:7 Zot: 5989    Lair (0/5) D:11
    Orc (0/2) D:10
 Vaults: D:13-14

Altars:
Ashenzari
Cheibriados
Dithmenos
Fedhas
Gozag
Hepliaklqana
Kikubaaqudgha
Makhleb
Nemelex Xobeh
Okawaru
Qazlal
Ru
Sif Muna
Trog
Uskayaw
Vehumet
Wu Jian
Xom
Yredelemnul

Shops:
D:4 *   D:12 :

Annotations:
D:5 1 runed translucent door, jombi's ghost, novice OpTm
D:7 2 runed translucent doors
D:10 1 transporter
D:13 enotiy's ghost, journeyman GrFi


Innate Abilities, Weirdness & Mutations

You have very sharp fingernails.
You sometimes gain a little power by taking damage.
Your movements are less encumbered by armour. (ER -4)
Spells you cast and wands you use may paralyse nearby enemies.


Message History

You climb upwards.
There is a stone staircase leading down here.
There is an open door here.
Magic restored.
There is a stone staircase leading up here.
You climb upwards.
There is a stone staircase leading down here.
There is a stone staircase leading up here.
You climb upwards.
Level annotation: 2 runed translucent doors
There is a stone staircase leading down here.
There is a stone staircase leading up here.
You climb upwards.
There is a stone staircase leading down here.
There is a stone staircase leading up here.
You climb upwards.
Level annotation: 1 runed translucent door, jombi's ghost, novice OpTm
There is a stone staircase leading down here.
Things that are here:
a +0 robe; a +0 dagger
There is a stone staircase leading up here.
You climb upwards.
There is a stone staircase leading down here.
There is a stone staircase leading up here.
You climb upwards.
There is a stone staircase leading down here.
There is a stone staircase leading up here.
You climb upwards.
There is a stone staircase leading down here.
There is a stone staircase leading up here.
You climb upwards.
There is a stone staircase leading down here.
There is an open door here.
There is an open door here.
You enter the shallow water.
Moving in this stuff is going to be slow.
HP restored.
There is a staircase leading out of the dungeon here.
Are you sure you want to leave the Dungeon?
This will make you lose the game!
You have escaped!

.......# ####.######## #.....'.
.......# ##≈≈≈~≈≈≈≈≈≈## #.....#.
.....[.# ##≈≈≈≈≈~≈≈≈≈≈≈###.......
.....#####≈≈≈≈≈≈~≈≈≈≈≈≈≈##.......
÷....# #≈≈≈8≈≈~≈≈≈≈≈8≈≈≈#.......
.....# #≈≈≈≈≈~≈≈≈≈≈≈≈≈≈≈#.......
.....# #≈≈≈≈≈~≈≈≈...≈≈≈≈.##'##..
)....# #≈≈≈≈≈~≈≈.≈≈≈.≈≈.....##..
.....## #≈≈≈≈≈≈~@.≈≈≈≈..≈#.####..
......# #≈..≈≈≈≈.>~≈≈≈≈≈≈#.#.....
......###.≈≈.≈≈≈.≈≈~≈≈≈≈≈#.#...#.
......'..≈≈≈≈...≈≈≈~≈≈≈≈≈#.###.#.
......#..≈≈≈≈≈≈≈≈≈≈~≈≈≈≈≈#.# #.#.
......#.#≈≈≈8≈≈≈≈≈~≈≈8≈≈≈#.# #.#.
......#.#.≈≈≈≈≈≈≈~≈≈≈≈≈≈.[.# #.#.
...#+##.#..≈≈≈≈≈≈~≈≈≈≈≈#.### #.#.
##.#.##.#..#≈≈≈≈≈≈~≈≈≈##.# #.##


There were no monsters in sight!

Vanquished Creatures
  Erolcha (D:9)
  A boulder beetle (D:12)
  3 hydras
  2 centaur warriors (D:13)
  7 two-headed ogres
  A skeletal warrior (D:10)
  4 lindwurms (D:13)
  2 ugly things
  A manticore (D:13)
  3 cyclopes
  Joseph (D:8)
  2 gargoyles
  Psyche (D:12)
  2 rime drakes (D:13)
  5 kobold demonologists
  An ice devil (D:13)
  3 meliai (D:13)
  A queen bee (D:9)
  4 trolls
  A hornet (D:8)
  3 slime creatures (D:12)
  3 centaur simulacra (D:13)
  A vampire (D:9)
  12 yaks
  4 shadows
  A wyvern (D:10)
  A wraith (D:12)
  A basilisk (D:7)
  A steam dragon (D:7)
  4 vampire mosquitoes (D:11)
  Edmund (D:5)
  2 acid dragons
  A water moccasin (D:6)
  2 ice beasts
  3 sky beasts
  2 ogres (D:5)
  9 orc warriors
  A black bear (D:4)
  11 centaurs
  10 kobold brigands
  3 necrophages
  3 bullfrogs
  A scorpion (D:5)
  3 gnoll sergeants
  18 wights
  35 killer bees
  8 howler monkeys
  8 orc priests
  2 hounds
  3 iguanas
  13 orc wizards
  22 gnolls
  12 adders
  2 shadow imps
  3 worms
  2 dart slugs (D:2)
  58 orcs
  6 endoplasms
  2 giant cockroaches
  3 goblins
  2 hobgoblins (D:2)
  5 jackals
  2 quokkas (D:2)
  5 ball pythons
  8 bats
  4 frilled lizards
  30 kobolds
  A rat (D:3)
383 creatures vanquished.

Vanquished Creatures (others)
  An orc wizard (D:9)
1 creature vanquished.

Grand Total: 384 creatures vanquished

Notes
Turn   | Place    | Note
-------+----------+-------------------------------------------
     0 | D:1      | protoss039 the Demonspawn Earth Elementalist began the
                  | quest for the Orb.
     0 | D:1      | Reached XP level 1. HP: 13/13 MP: 3/3
   431 | D:1      | Gained mutation: Your movements are slightly less
                  | encumbered by armour. (ER -2) [demonic ancestry]
   431 | D:1      | Reached XP level 2. HP: 20/20 MP: 5/5
   640 | D:1      | Reached skill level 1 in Fighting
  1181 | D:1      | Learned a level 2 spell: Passwall
  1328 | D:2      | Gained mutation: Spells you cast may paralyse adjacent
                  | enemies. [demonic ancestry]
  1328 | D:2      | Reached XP level 3. HP: 26/26 MP: 4/6
  2017 | D:2      | Gained mutation: Spells you cast may paralyse nearby
                  | enemies. [demonic ancestry]
  2017 | D:2      | Reached XP level 4. HP: 15/33 MP: 2/8
  2477 | D:2      | Learned a level 3 spell: Stone Arrow
  2570 | D:3      | Found an ancient bone altar of Kikubaaqudgha.
  2648 | D:3      | Found an opulent altar of Gozag.
  2872 | D:3      | Found a shimmering blue altar of Sif Muna.
  3101 | D:3      | Found a faded altar of an unknown god.
  3220 | D:4      | Noticed a black bear
  3231 | D:4      | Killed a black bear
  3232 | D:4      | Reached skill level 1 in Conjurations
  3232 | D:4      | Gained mutation: Spells you cast and wands you use may
                  | paralyse nearby enemies. [demonic ancestry]
  3232 | D:4      | Reached XP level 5. HP: 39/39 MP: 5/9
  3343 | D:4      | Found Quzynoim's General Store.
  3421 | D:4      | Bought a scroll of noise for 13 gold pieces
  3421 | D:4      | Bought a scroll of amnesia for 52 gold pieces
  3432 | D:4      | Gained mutation: Your movements are less encumbered by
                  | armour. (ER -4) [demonic ancestry]
  3432 | D:4      | Reached XP level 6. HP: 47/47 MP: 5/11
  4025 | D:4      | Found a faded altar of an unknown god.
  4141 | D:4      | Learned a level 3 spell: Mephitic Cloud
  4142 | D:5      | Entered Level 5 of the Dungeon
  4164 | D:5      | Reached skill level 1 in Transmutations
  4306 | D:5      | Reached XP level 7. HP: 52/52 MP: 8/12
  4355 | D:5      | Reached skill level 1 in Armour
  4355 | D:5      | Reached skill level 1 in Air Magic
  4355 | D:5      | Reached skill level 1 in Poison Magic
  4418 | D:5      | Found a snail-covered altar of Cheibriados.
  4462 | D:5      | Reached skill level 1 in Evocations
  4633 | D:5      | Noticed jombi's ghost (novice OpTm)
  4634 | D:5      | Found a runed translucent door.
  4655 | D:5      | Identified the +0 ring mail of Kadioc {rC+ rN+}
  4714 | D:5      | Noticed Edmund
  4719 | D:5      | Found a hazy altar of Hepliaklqana.
  4720 | D:5      | Found a faded altar of an unknown god.
  4723 | D:5      | Killed Edmund
  4972 | D:6      | Gained mutation: You have sharp fingernails. [demonic
                  | ancestry]
  4972 | D:6      | Reached XP level 8. HP: 29/59 MP: 9/14
  5202 | D:6      | Reached skill level 1 in Shields
  5387 | D:6      | Found a sacrificial altar of Ru.
  5955 | D:7      | Found a staircase to the Ecumenical Temple.
  6031 | Temple   | Entered the Ecumenical Temple
  6036 | Temple   | Became a worshipper of Vehumet
  6226 | D:7      | Gained mutation: You have very sharp fingernails. [demonic
                  | ancestry]
  6226 | D:7      | Reached XP level 9. HP: 65/65 MP: 13/15
  6615 | D:7      | Found a runed translucent door.
  6618 | D:7      | Found a runed translucent door.
  6618 | D:7      | Noticed a manticore
  6618 | D:7      | Noticed a two-headed ogre
  6632 | D:7      | Reached skill level 5 in Earth Magic
  7042 | D:7      | Noticed a red ugly thing
  7049 | D:7      | Killed a red ugly thing
  7050 | D:7      | Reached skill level 5 in Fighting
  7050 | D:7      | Reached skill level 5 in Spellcasting
  7122 | D:7      | Noticed a gargoyle
  7138 | D:7      | Killed a gargoyle
  7390 | D:7      | Reached skill level 5 in Shields
  7390 | D:7      | Reached XP level 10. HP: 74/74 MP: 11/18
  7394 | D:7      | Noticed a six-headed hydra
  7399 | D:7      | Killed a six-headed hydra
  7400 | D:7      | Reached skill level 5 in Conjurations
  7576 | D:7      | Reached * piety under Vehumet
  7576 | D:7      | Offered knowledge of Foxfire by Vehumet.
  8414 | D:8      | Noticed Joseph
  8436 | D:8      | Killed Joseph
  8560 | D:8      | Paralysed by a hornet for 2 turns
  9027 | D:8      | Found a bloodstained altar of Trog.
  9500 | D:9      | Found a shadowy altar of Dithmenos.
  9597 | D:9      | Offered knowledge of Shock by Vehumet.
  9684 | D:9      | Reached ** piety under Vehumet
  9875 | D:9      | Noticed a two-headed ogre
  9881 | D:9      | Killed a two-headed ogre
  9882 | D:9      | Reached XP level 11. HP: 83/83 MP: 7/20
 10201 | D:9      | Noticed Erolcha
 10299 | D:9      | Offered knowledge of Conjure Flame by Vehumet.
 10368 | D:9      | Reached *** piety under Vehumet
 10642 | D:9      | Killed Erolcha
 10759 | D:9      | Learned a level 3 spell: Inner Flame
 10788 | D:10     | Entered Level 10 of the Dungeon
 10819 | D:10     | Noticed a two-headed ogre
 10825 | D:10     | Killed a two-headed ogre
 10901 | D:10     | Found an iron altar of Okawaru.
 11011 | D:10     | Found a staircase to the Orcish Mines.
 11023 | D:10     | Offered knowledge of Fulminant Prism by Vehumet.
 11151 | D:10     | Noticed a skeletal warrior
 11163 | D:10     | Noticed a two-headed ogre
 11168 | D:10     | Noticed a two-headed ogre
 11188 | D:10     | Killed a two-headed ogre
 11291 | D:10     | Found a shimmering altar of Xom.
 11444 | D:10     | Noticed a two-headed ogre
 11459 | D:10     | Killed a two-headed ogre
 11459 | D:10     | Reached **** piety under Vehumet
 11468 | D:10     | Offered knowledge of Irradiate by Vehumet.
 11715 | D:10     | Killed a two-headed ogre
 11724 | D:10     | Killed a skeletal warrior
 11725 | D:10     | Reached XP level 12. HP: 45/92 MP: 2/23
 11911 | D:10     | Found a stormy altar of Qazlal.
 11911 | D:10     | Noticed a two-headed ogre
 11918 | D:10     | Killed a two-headed ogre
 12045 | D:10     | Found a hide-covered altar of Uskayaw.
 12171 | D:10     | Found a sparkling altar of Nemelex Xobeh.
 12171 | D:10     | Found a transporter.
 12291 | D:10     | Learned a level 5 spell: Irradiate
 12495 | D:11     | Noticed a two-headed ogre
 12501 | D:11     | Killed a two-headed ogre
 12502 | D:11     | Reached skill level 1 in Hexes
 12502 | D:11     | Reached skill level 1 in Fire Magic
 13078 | D:11     | Found a staircase to the Lair.
 13616 | D:12     | Noticed Psyche
 13621 | D:12     | Killed Psyche
 13621 | D:12     | Reached ***** piety under Vehumet
 13621 | D:12     | Offered knowledge of Lightning Bolt by Vehumet.
 13671 | D:12     | Noticed a boulder beetle
 13684 | D:12     | Killed a boulder beetle
 13729 | D:12     | Found Vyga's Book Emporium.
 14370 | D:13     | Noticed a seven-headed hydra
 14375 | D:13     | Killed a seven-headed hydra
 14507 | D:13     | Noticed a centaur warrior
 14516 | D:13     | Killed a centaur warrior
 14616 | D:13     | Identified the +1 ring mail of the Game of Life {*Slow
                  | rPois rC++ Stlth+}
 14867 | D:13     | Found a runed translucent gate.
 14867 | D:13     | Found a runed translucent gate.
 14868 | D:13     | Found a runed translucent gate.
 15029 | D:13     | Noticed enotiy's ghost (journeyman GrFi)
 15086 | D:13     | Noticed a centaur warrior
 15094 | D:13     | Noticed a five-headed hydra
 15096 | D:13     | Killed a centaur warrior
 15097 | D:13     | Gained mutation: You sometimes gain a little power by
                  | taking damage. [demonic ancestry]
 15097 | D:13     | Reached XP level 13. HP: 61/100 MP: 10/25
 16132 | D:13     | Found the +5 lochaber axe {reach-cleave, poleaxe}
 16882 | D:$      | Got out of the dungeon alive.

Illustrated notes

Levels and vault maps discovered:
D:1:      nzn_arrival_water_spiral, layout_basic, hex_intersection,
          dk_noncrumbling_2
D:2:      layout_loops_ring
D:3:      layout_rooms, kiku_gazebo_garden_becter, mainiacjoe_overflow_paths,
          mainiacjoe_overflow_concentric_impassable,
          nicolae_ecumenical_oubliette
D:4:      minmay_general_purpose_star, layout_cave_pools, serial_shops, shop,
          serial_column_ruins, column_ruins_hut, column_ruins_temple_hut,
          column_ruins_columns_T, column_ruins_columns_corner,
          column_ruins_open_small
D:5:      lemuel_ice_spiral_2, layout_basic, slow_altar_2,
          beargit_hepliaklqana_dungeon_heroes, hellmonk_ghost_happy_afterlife
D:6:      layout_loops_ring, hangedman_ru_absence
D:7:      minmay_the_grid_triangle_9x9_rhombus_full
          [minmay_the_grid_triangle_9x9_tough_junction,
          minmay_the_grid_triangle_9x9_intruding_spiral,
          minmay_the_grid_triangle_9x9_flanged_cone,
          minmay_the_grid_triangle_9x9_sparse_checkered,
          minmay_the_grid_triangle_9x9_corruption,
          minmay_the_grid_triangle_9x9_minimal,
          minmay_the_grid_triangle_9x9_zippers_vertical,
          minmay_the_grid_triangle_9x9_prize_top_heavy], layout_layer_cave,
          minmay_temple_entry_stoned_glass
D:8:      layout_basic, lightli_temple_of_fire, uniq_joseph
D:9:      layout_roguey [special_room_bee], grunt_dithmenos_smoke_and_mirrors,
          chequers_serial_rivers_small_a, uniq_erolcha
D:10:     minmay_clustersquares, layout_long_grid, tso_metal_star,
          old_standard_altar, mainiacjoe_overflow_small_starburst,
          grunt_nemelex_the_gamble, nicolae_qazlal_eye_of_the_storm,
          eat_drink_and_be_merry_uskayaw, david_orc_5
D:11:     layout_loops_ring, lair_entry_dummy, hex_large
D:12:     layout_irregular_city, serial_shops, nicolae_stop_n_shop_1,
          uniq_psyche
D:13:     layout_long_grid, gammafunk_ghost_icy, minmay_lindwurm_lava
Temple:   hellmonk_temple_micro_hex

Skill      XL: |  1  2  3  4  5  6  7  8  9 10 11 12 13 |
---------------+----------------------------------------+-----
Fighting       | 1 2 3 4 5 6 7 8 9 |  9.3
Earth Magic    | 3 4 5 6 7 8 9 |  9.0
Spellcasting   | 3 4 5 6 7 8 |  8.8
Conjurations   | 1 2 3 4 6 7 8 9 |  9.0
Transmutations | 1 3 |  3.0
Dodging        | 2 3 |  3.0
Armour         | 2 3 |  3.0
Stealth        | 2 3 |  3.0
Air Magic      | 2 3 |  3.0
Poison Magic   | 2 3 |  3.0
Evocations     | 1 2 3 |  3.0
Shields        | 2 5 7 8 9 |  9.0
Hexes          | 3 |  3.0
Fire Magic     | 3 |  3.0

Action                   |  1- 3 |  4- 6 |  7- 9 | 10-12 | 13-15 || total
-------------------------+-------+-------+-------+-------+-------++-------
Melee: Hand axe          |       |     4 |     4 |     7 |       ||    15
       Dagger            |       |    29 |    98 |   255 |     6 ||   388
       Punch             |       |     1 |       |       |       ||     1
 Fire: Sling             |    24 |       |       |       |       ||    24
       Shortbow          |    58 |    45 |       |       |       ||   103
 Cast: Sandblast         |    26 |    54 |    96 |   185 |     5 ||   366
       Stone Arrow       |       |       |    31 |   143 |    36 ||   210
       Mephitic Cloud    |       |       |       |    27 |       ||    27
       Inner Flame       |       |       |       |    10 |       ||    10
Evoke: Wand              |       |     1 |     2 |     7 |       ||    10
  Use: Scroll            |     1 |       |       |    15 |     5 ||    21
       Potion            |       |       |       |     4 |       ||     4
 Stab: Paralysed         |       |    13 |    47 |    61 |       ||   121
       Sleeping          |       |       |     1 |       |       ||     1
       Confused          |       |       |       |     2 |       ||     2
Armor: Leather armour    |    22 |       |       |       |       ||    22
       Ring mail         |       |    21 |    26 |    46 |       ||    93
       Robe              |       |       |       |    18 |     8 ||    26
Dodge: Dodged            |    36 |    59 |    86 |   262 |    10 ||   453
Block: Kite shield       |       |       |    55 |   303 |    25 ||   383
       Reflection        |       |       |       |    11 |       ||    11
